 Dungeon Crawl Stone Soup version 0.17.0-28-g6e173f8 (webtiles) character file.

207 septik the Twirler (level 5, -1/30 HPs)
             Began as a Gargoyle Gladiator on Nov 27, 2015.
             Slain by a scorpion (2 damage)
             ... on level 4 of the Dungeon.
             The game lasted 00:03:38 (2155 turns).

septik the Twirler (Gargoyle Gladiator)             Turns: 2155, Time: 00:03:38

Health: -1/30      AC: 10    Str: 19    XL:     5   Next: 85%
Magic:  5/5        EV: 11    Int:  8    God:
Gold:   235        SH:  0    Dex: 11    Spells: 0 memorised, 4 levels left

rFire  . . .     SeeInvis .     a - +0 quarterstaff
rCold  . . .     Clarity  .     m - +0 ring mail
rNeg   + . .     SustAt   .     (shield currently unavailable)
rPois  ∞         Gourm    .     c - +0 helmet
rElec  +         Spirit   .     (no cloak)
rCorr  .         Warding  .     (no gloves)
rMut   .         Stasis   .     (no boots)
MR     .....                    (no amulet)
Stlth  +.........               F - ring of wizardry
                                (no ring)

@: not resistant to hostile enchantments, very unstealthy
A: negative energy resistance 1, electricity resistance, unbreathing,
petrification resistance, rot immunity, AC +4
a: no special abilities


You were on level 4 of the Dungeon.
You were not hungry.

You visited 1 branch of the dungeon, and saw 4 of its levels.

You collected 235 gold pieces.

Inventory:

Hand Weapons
 a - a +0 quarterstaff (weapon)
Missiles
 d - 3 throwing nets (quivered)
 r - 112 stones
 s - 22 poisoned needles
Armour
 b - a +0 leather armour
 c - a +0 helmet (worn)
 m - a +0 ring mail (worn)
Jewellery
 k - an uncursed ring of ice
 t - an uncursed ring of see invisible
 D - an uncursed ring of fire
 F - a ring of wizardry (right hand)
Scrolls
 f - a scroll of enchant armour {unknown}
 g - 2 scrolls of identify {unknown}
 h - 5 scrolls of teleportation {unknown}
 i - a scroll of amnesia {unknown}
 j - 3 scrolls of remove curse {unknown}
 o - a scroll of noise {unknown}
 p - 2 scrolls of recharging {unknown}
 x - a scroll of magic mapping {unknown}
 y - a scroll of fear {unknown}
Potions
 l - a potion of haste {unknown}
 n - 2 potions of curing {unknown}
 q - a potion of lignification {unknown}
 u - a potion of might {unknown}
 w - 3 potions of degeneration {unknown}
 A - a potion of brilliance {unknown}
 E - a potion of invisibility {unknown}
Comestibles
 e - 5 bread rations
 z - 5 chunks of flesh
 B - a beef jerky
 C - a slice of pizza


   Skills:
 - Level 2.1 Fighting
 + Level 6.3 Staves
 - Level 1.7 Throwing
 - Level 2.4 Dodging


You had 4 spell levels left.
You didn't know any spells.

Dungeon Overview and Level Annotations

Branches:
Dungeon (4/15)
 Temple: D:4-7

Altars:
Kikubaaqudgha
Ru
Sif Muna
Xom


Innate Abilities, Weirdness & Mutations

You are resistant to torment.
Your stone body is resilient (AC +4).
You are immune to poison.
You resist negative energy.
You are resistant to electric shocks.
You can survive without breathing.
You are immune to petrification.
You are immune to rotting.


Message History

You hit the jackal.
You kill the jackal!
The scorpion stings you but does no damage.
You closely miss the giant cockroach. The giant cockroach barely misses you.
The giant cockroach closely misses you. The scorpion stings you.
* * * LOW HITPOINT WARNING * * *
An orc comes into view.
You closely miss the giant cockroach.
The orc shouts!
The orc moves out of view.
The giant cockroach barely misses you. The scorpion closely misses you.
You hit the giant cockroach but do no damage.
The giant cockroach completely misses you.
The scorpion stings you but does no damage.
A giant newt comes into view.
You hit the giant cockroach.
The giant cockroach is moderately wounded.
The giant cockroach bites you but does no damage.
The giant newt moves out of view.
The scorpion stings you.
You die... ........ ..<...# .....# ....# .oO# oo#

#s# #@# # #s# [.
#h# .# ###.# ..#
## #...# ...# #..
#.#.###....# #...
#.#......!.#
#...##....†.....#
#.................


You could see an ogre, a scorpion, 3 orcs, a jackal and a giant cockroach.

Vanquished Creatures
  Jessica (D:3)
  2 worker ants (D:4)
  5 adders
  An ooze (D:2)
  2 worms (D:3)
  2 giant geckos
  3 orcs (D:3)
  8 giant cockroaches
  6 hobgoblins
  10 jackals
  2 quokkas (D:2)
  A ball python (D:2)
  6 bats
  A giant gecko skeleton (D:3)
  A giant newt (D:3)
  4 goblins
  12 kobolds
  4 rats (D:1)
71 creatures vanquished.

Notes
Turn   | Place    | Note
--------------------------------------------------------------
     0 | D:1      | septik the Gargoyle Gladiator began the quest for the Orb.
     0 | D:1      | Reached XP level 1. HP: 12/12 MP: 1/1
   175 | D:1      | Reached XP level 2. HP: 9/17 MP: 2/2
   442 | D:1      | Reached skill level 4 in Staves
   659 | D:2      | Reached XP level 3. HP: 17/21 MP: 3/3
  1179 | D:2      | Reached XP level 4. HP: 26/26 MP: 4/4
  1382 | D:2      | Reached skill level 5 in Staves
  1482 | D:3      | Found an ancient bone altar of Kikubaaqudgha.
  1610 | D:3      | Noticed Jessica
  1616 | D:3      | Killed Jessica
  1634 | D:3      | Reached XP level 5. HP: 21/30 MP: 5/5
  1645 | D:3      | Found a shimmering altar of Xom.
  2043 | D:3      | Found a sacrificial altar of Ru.
  2116 | D:4      | Found a deep blue altar of Sif Muna.
  2124 | D:4      | Reached skill level 6 in Staves
  2148 | D:4      | Noticed an ogre
  2152 | D:4      | HP: 1/30 [scorpion (4)]
  2155 | D:4      | Slain by a scorpion

Action                   |  1- 3 |  4- 6 || total
-------------------------+-------+-------++-------
Melee: Quarterstaff      |   120 |   126 ||   246
  Eat: Chunk             |     1 |     3 ||     4
